 Dungeon Crawl Stone Soup version 0.18-a0-1570-gf60b0ab (webtiles) character file.

1021 Duffy the Cleaver (level 8, -1/57 HPs)
             Began as a Demonspawn Gladiator on Mar 14, 2016.
             Was a Follower of Cheibriados.
             Shot with an arrow of flame by a centaur (4 damage)
             ... on level 5 of the Dungeon.
             The game lasted 00:05:04 (4974 turns).

Duffy the Cleaver (Demonspawn Gladiator)            Turns: 4974, Time: 00:05:04

Health: -1/57      AC: 11    Str: 19    XL:     8   Next: 2%
Magic:  8/8        EV:  8    Int: 13    God:    Cheibriados [*.....]
Gold:   193        SH:  0    Dex: 15    Spells: 0 memorised, 7 levels left

rFire  . . .     SeeInvis .     a - +0 war axe
rCold  . . .     Gourm    .     k - +0 chain mail
rNeg   . . .     Faith    .     (no shield)
rPois  +         Spirit   .     c - +0 helmet
rElec  .         Dismiss  .     (no cloak)
rCorr  .         Reflect  .     w - +0 pair of gloves
SustAt .         Harm     .     (no boots)
MR     .....                    (no amulet)
Stlth  ..........               x - ring of stealth
                                u - ring of poison resistance

@: very slow, not resistant to hostile enchantments, extremely unstealthy
A: hooves 2, rugged brown scales 1, powered by death 1
a: Bend Time, Renounce Religion


You were on level 5 of the Dungeon.
You worshipped Cheibriados.
Cheibriados was aware of your devotion.
You were not hungry.

You visited 2 branches of the dungeon, and saw 6 of its levels.

You collected 193 gold pieces.


Innate Abilities, Weirdness & Mutations

You have hoof-like feet.
You are partially covered in rugged brown scales (AC +1, +3% HP).
You regenerate a little health from kills.


   Skills:
 - Level 2.0 Fighting
 + Level 9.0 Axes
 - Level 1.7 Throwing
 - Level 2.6 Dodging


You had 7 spell levels left.
You didn't know any spells.

Inventory:

Hand Weapons
 a - a +0 war axe (weapon)
Missiles
 d - 2 throwing nets (quivered)
 A - 5 poisoned needles
Armour
 b - a +0 leather armour
 c - a +0 helmet (worn)
 k - a +0 chain mail (worn)
 w - a +0 pair of gloves (worn)
Jewellery
 u - a ring of poison resistance (left hand)
 x - a ring of stealth (right hand)
Wands
 s - a wand of teleportation (2/9)
 B - a wand of paralysis (9/24)
Scrolls
 g - 2 scrolls of amnesia {unknown}
 h - 3 scrolls of remove curse {unknown}
 l - 9 scrolls of identify {unknown}
 o - a scroll of fear {unknown}
 p - a scroll of immolation {unknown}
 t - a scroll of fog {unknown}
 y - a scroll of teleportation {unknown}
 F - a scroll of recharging {unknown}
Potions
 e - 2 potions of mutation {unknown}
 i - a potion of might {unknown}
 m - 2 potions of brilliance {unknown}
 q - a potion of curing {unknown}
 D - a potion of haste
Books
 z - a book of Air
 C - a book of Beasts
Comestibles
 f - 2 bread rations
 j - 4 fruits
 n - 2 meat rations
 r - a slice of pizza
 v - a beef jerky
 E - 2 chunks of flesh

Dungeon Overview and Level Annotations

Branches:
Dungeon (5/15)             Temple (1/1) D:4

Altars:
Ashenzari
Cheibriados
Dithmenos
Elyvilon
Fedhas
Gozag
Kikubaaqudgha
Makhleb
Nemelex Xobeh
Okawaru
Pakellas
Ru
Sif Muna
Trog
Vehumet
Xom
Yredelemnul
Zin
The Shining One

Annotations:
D:5 Sigmund


Message History

Something hits you but does no damage.
Your chain mail prevents you from hitting something.
You kick something. Something hits you but does no damage.
You miss something. You kick something. Something hits you.
You miss something. You kick something. You closely miss something.
You kick something. Something hits you.
You miss something. Your kick misses something. Something hits you.
You miss something. You kick something. You hit something.
Your kick misses something. Something hits you.
You miss something. Your kick misses something.
You feel less regenerative.
You hear some strange, mumbled words.
A puff of flame appears from out of thin air!
The puff of flame hits you!
You miss something. Your kick misses something. Something hits you.
You closely miss something. You kick something. You barely miss something.
You hear some strange, mumbled words.
A magic dart appears from out of thin air!
The magic dart hits you!
You closely miss something. Something hits you.
You barely miss something. You kick something.
Something hits you but does no damage.
You hit something but do no damage.
A centaur comes into view.
You miss something. You kick something. Something hits you but does no damage.
The centaur wields a shortbow.
The centaur shoots an arrow of flame.
The arrow of flame hits you. The arrow of flame burns you.
The centaur shoots an arrow of flame.
The arrow of flame hits you but does no damage.
The arrow of flame burns you. Something hits you!
You see here an arrow of flame.
The centaur shoots an arrow of flame.
The arrow of flame hits you! The arrow of flame burns you.
You die...

# #.......[.#.###....#
#.##.........#.....##..#
#............#.....###..#
#..##.........#..####
.... #...
##......(.......# .####
#.# ##<.##....##{###.# .#
. #).....#####(# ..#
...........# ##(# ...
.....##..#....#.@# .##
..... ...#.##..........?
..... ..........####....
..... ........## .. .....
....c.# ..... .... ... ..


You could see a centaur.

Action                   |  1- 3 |  4- 6 |  7- 9 || total
-------------------------+-------+-------+-------++-------
Melee: War axe           |    75 |   261 |   115 ||   451
Throw: Throwing net      |       |       |     1 ||     1
  Eat: Chunk             |     1 |    10 |     2 ||    13

Notes
Turn   | Place    | Note
--------------------------------------------------------------
     0 | D:1      | Duffy the Demonspawn Gladiator began the quest for the Orb.
     0 | D:1      | Reached XP level 1. HP: 16/16 MP: 1/1
   107 | D:2      | Reached skill level 3 in Axes
   246 | D:2      | Gained mutation: You have large cloven feet. [demonic ancestry]
   246 | D:2      | Reached XP level 2. HP: 11/22 MP: 2/2
   642 | D:1      | Reached XP level 3. HP: 12/27 MP: 3/3
   829 | D:1      | Reached skill level 4 in Axes
  1229 | D:2      | Gained mutation: You regenerate a little health from kills. [demonic ancestry]
  1229 | D:2      | Reached XP level 4. HP: 33/33 MP: 4/4
  1767 | D:3      | Reached skill level 5 in Axes
  1969 | D:3      | Found a deep blue altar of Sif Muna.
  2087 | D:3      | Found a faded altar to an unknown god.
  2131 | D:3      | Reached XP level 5. HP: 33/38 MP: 5/5
  2917 | D:4      | Found a staircase to the Ecumenical Temple.
  2939 | Temple   | Entered the Ecumenical Temple
  3086 | Temple   | Became a worshipper of Cheibriados the Contemplative
  3299 | D:4      | Found a sacrificial altar of Ru.
  3311 | D:4      | Reached skill level 6 in Axes
  3464 | D:4      | Gained mutation: You have hoof-like feet. [demonic ancestry]
  3464 | D:4      | Reached XP level 6. HP: 5/44 MP: 6/6
  3900 | D:4      | Reached skill level 7 in Axes
  4080 | D:5      | Entered Level 5 of the Dungeon
  4080 | D:5      | Noticed an ice beast
  4104 | D:5      | Killed an ice beast
  4104 | D:5      | Gained mutation: You are partially covered in rugged brown scales (AC +1, +3% HP). [demonic ancestry]
  4104 | D:5      | Reached XP level 7. HP: 29/51 MP: 7/7
  4105 | D:5      | Noticed Sigmund
  4267 | D:4      | Reached skill level 8 in Axes
  4395 | D:5      | Reached * piety under Cheibriados
  4956 | D:5      | Reached skill level 9 in Axes
  4956 | D:5      | Reached XP level 8. HP: 35/57 MP: 8/8
  4974 | D:5      | Shot with an arrow of flame by a centaur

Vault maps used:
D:1:      lordsloth_arrival_two_stooges
D:3:      first_bread, ecumenical_altar_2, lemuel_blue_sif_altar
D:4:      nicolae_ru_awakened_eye, minmay_temple_entry_hall, st_stairs_12
D:5:      nicolae_qazlal_general_emergency, uniq_sigmund
Temple:   kilobyte_greek_temple_18

Vanquished Creatures
  An ice beast
  A phantom
  2 sky beasts
  2 ogres
  A scorpion
  2 crimson imps
  A giant frog skeleton
  An iguana
  4 worker ants
  A worker ant zombie
  7 adders
  6 gnolls
  4 oozes
  An adder skeleton
  An adder zombie
  3 worms
  3 dart slugs
  2 giant geckos
  9 orcs
  A ball python
  5 giant cockroaches
  4 goblins
  8 hobgoblins
  5 kobolds
  A quokka
  8 bats
  4 giant newts
  8 rats
96 creatures vanquished.
